 Dungeon Crawl Stone Soup version 0.25-a0-67-g7dccc1bee0 (webtiles) character file.

Game seed: 16884512890580855325, levelgen mode: deterministic

445 Gargoyl the Chopper (level 6, -5/52 HPs)
             Began as a Draconian Abyssal Knight on Nov 2, 2019.
             Was a Believer of Lugonu.
             Splashed by Ijyb's acid (11 damage)
             ... on level 3 of the Dungeon.
             The game lasted 00:05:02 (4485 turns).

Gargoyl the Chopper (Draconian Abyssal Knight)      Turns: 4485, Time: 00:05:03

Health: -5/52      AC:  2    Str: 22    XL:     6   Next: 72%
Magic:  8/8        EV: 10    Int: 12    God:    Lugonu [**....]
Gold:   147        SH:  8    Dex: 10    Spells: 5/5 levels left

rFire    . . .     SeeInvis .   f - +0 war axe
rCold    + . .     Gourm    .   o - +0 shield
rNeg     . . .     Faith    .   (armour unavailable)
rPois    .         Spirit   .   (helmet restricted)
rElec    .         Reflect  .   (no cloak)
rCorr    .         Harm     .   (no gloves)
MR       .....                  (no boots)
Stlth    +.........             d - amulet of rage
HPRegen  0.17/turn              h - ring of protection from cold
MPRegen  0.11/turn              m - ring of wizardry

@: mighty, corroded
A: unfitting armour, cold-blooded, AC +6
a: Depart the Abyss, Bend Space, Renounce Religion, Evoke Berserk Rage


You were on level 3 of the Dungeon.
You worshipped Lugonu.
Lugonu was pleased with you.
You were not hungry.

You visited 1 branch of the dungeon, and saw 3 of its levels.
You visited the Abyss 1 time.

You collected 147 gold pieces.

Inventory:

Hand Weapons
 a - a +1 hand axe
 f - a +0 war axe (weapon)
Armour
 o - a +0 shield (worn)
Jewellery
 d - an amulet of rage (around neck)
 h - a ring of protection from cold (left hand)
 m - a ring of wizardry (right hand)
Scrolls
 e - 2 scrolls of identify
 i - 2 scrolls of remove curse {unknown}
 n - a scroll of teleportation {unknown}
Potions
 c - a potion of brilliance {unknown}
 g - 2 potions of might
 j - 4 potions of curing
 k - a potion of heal wounds {unknown}
Comestibles
 b - 5 rations
 l - a chunk of flesh


   Skills:
 + Level 4.1 Fighting
 + Level 4.4 Axes
 * Level 3.8 Dodging
 + Level 0.7 Stealth
 + Level 1.5 Shields
 * Level 3.9 Invocations


You had 5 spell levels left.
You didn't know any spells.
Your spell library contained the following spells:

 Spells                   Type           Power        Failure   Level  Hunger
 Summon Small Mammal      Summ           #...         56%         1    ##.....
 Call Imp                 Summ           #.......     71%         2    ###....
 Call Canine Familiar     Summ           #.......     89%         3    ####...
 Summon Guardian Golem    Hex/Summ       #.......     89%         3    ####...
 Summon Ice Beast         Ice/Summ       #.......     99%         4    #####..
 Summon Lightning Spire   Summ/Air       #.......     99%         4    #####..


Dungeon Overview and Level Annotations

Branches:
Dungeon (3/15)

Altars:
Yredelemnul

Annotations:
D:3 Ijyb


Innate Abilities, Weirdness & Mutations

Your plain brown scales are hard. (AC +6)
You cannot fit into any form of body armour.
You are cold-blooded and may be slowed by cold attacks.


Message History

The adder is severely wounded.
You block the adder's attack. x2
You miss the adder.
The adder is severely wounded.
The adder bites you. You block the adder's attack.
You hit the adder.
You kill the adder!
Lugonu accepts your kill.
Ijyb the Twisted Goblin comes into view.
She is wielding a +2 dagger of speed and carrying a wand of acid (9).
Ijyb shouts!
Ijyb is nearby!
Ijyb is nearby!
Ijyb is nearby!
Ijyb zaps a wand.
The bolt of acid hits you!!
You are splashed with acid!
It was a potion of might.
You feel very mighty all of a sudden.
Ijyb zaps a wand.
The bolt of acid hits you!
* * * LOW HITPOINT WARNING * * *
The acid corrodes you!
You are splashed with acid!
You die...

.#######..#..##..
..........#......
##########...# ..
#...######.
#.#######..........
#..............!...
#..................
#..................
#..g..@....>.......
#..........#.......
#..........#.......
............#.......
.#..........##+####
.....###+#### ####.
#.


You could see Ijyb.

Vanquished Creatures
  A hound (D:1)
  3 orc priests
  An orc wizard (D:3)
  7 gnolls
  11 adders
  An ooze (D:2)
  6 worms
  4 dart slugs (D:1)
  5 leopard geckos
  3 orcs (D:3)
  4 ball pythons (D:2)
  6 bats
  6 giant cockroaches
  7 goblins
  11 hobgoblins
  6 jackals
  7 kobolds
  2 quokkas
  5 frilled lizards
  9 rats
  A spectral orc (D:2)
106 creatures vanquished.

Notes
Turn   | Place    | Note
-------+----------+-------------------------------------------
     0 | Abyss:1  | Gargoyl the Draconian Abyssal Knight began the quest for
                  | the Orb.
     0 | Abyss:1  | Reached XP level 1. HP: 19/19 MP: 2/2
   110 | Abyss:1  | Noticed a flying skull
   113 | Abyss:1  | Noticed a cacodemon
   118 | D:1      | Escaped the Abyss
   217 | D:1      | Reached XP level 2. HP: 22/26 MP: 3/3
   369 | D:1      | Reached * piety under Lugonu
   478 | D:1      | Reached XP level 3. HP: 21/33 MP: 4/4
  1625 | D:2      | Reached XP level 4. HP: 40/40 MP: 5/5
  1691 | D:2      | Reached ** piety under Lugonu
  2255 | D:1      | Reached skill level 1 in Shields
  2255 | D:1      | Reached XP level 5. HP: 25/46 MP: 7/7
  2688 | D:2      | Found a basalt altar of Yredelemnul.
  3617 | D:2      | Reached XP level 6. HP: 52/52 MP: 8/8
  4482 | D:3      | Noticed Ijyb
  4485 | D:3      | Splashed by Ijyb's acid

Levels and vault maps discovered:
D:1:      co_arrival_random_square_maze, layout_rooms, minmay_curled_crystal,
          grunt_decor_arrowhead
D:2:      layout_basic, yredelemnul_forgotten_temple_becter, first_ration,
          minmay_snake_closets
D:3:      cheibrodos_pilgrimage, layout_basic, uniq_ijyb

Skill      XL: |  1  2  3  4  5 |
---------------+----------------+-----
Axes           | 3 4 |  4.4
Dodging        | 3 |  3.8
Shields        | 1 |  1.5
Invocations    | 3 |  3.9
Fighting       | 4 |  4.1
Stealth        | |  0.7

Action                   |  1- 3 |  4- 6 || total
-------------------------+-------+-------++-------
Melee: Hand axe          |   111 |    87 ||   198
       Tailslap          |     3 |    15 ||    18
       War axe           |       |   121 ||   121
Invok: Depart the Abyss  |     1 |       ||     1
  Use: Scroll            |     2 |       ||     2
       Potion            |     1 |     1 ||     2
 Stab: Sleeping          |       |     2 ||     2
  Eat: Chunk             |     2 |     6 ||     8
       Ration            |       |     1 ||     1
Armor: Skin              |    38 |    54 ||    92
Dodge: Dodged            |    78 |   140 ||   218
Block: Buckler           |    15 |    32 ||    47
       Shield            |       |    22 ||    22

Table legend:
 A = Non-vault XP
 B = Vault XP
 C = Vault XP percentage of total XP
 D = Non-vault monster count
 E = Vault monster count
 F = Vault count percentage of total count
                 A         B        C        D         E       F
            +---------+---------+-------+---------+---------+-------
      Total |     376 |     261 |  41.0 |      89 |      17 |  16.0
            +---------+---------+-------+---------+---------+-------
        D:1 |     141 |       0 |   0.0 |      35 |       0 |   0.0
        D:2 |     166 |     130 |  43.9 |      39 |      11 |  22.0
        D:3 |      69 |     131 |  65.5 |      15 |       6 |  28.6
            +---------+---------+-------+---------+---------+-------
